 Dungeon Sprint DCSS version 0.30-a0-629-gd54f4be4f7 (webtiles) character file.

Game seed: 7638838936942433259

4313 BigDaddyOpFi the Fighter (level 10, -12/156 HPs)
             Began as a Minotaur Berserker on Jan 12, 2023.
             Was a High Priest of Trog.
             Mangled by a deep elf knight
             ... wielding a +0 long sword
              (15 damage)
             ... in the Dungeon (Sprint III: "The Ten Rune Challenge").
             The game lasted 00:04:03 (1293 turns).

BigDaddyOpFi the Fighter (Minotaur Berserker)       Turns: 1293, Time: 00:04:04

Health: -12/156    AC: 24    Str: 25    XL:     10   Next: 11%
Magic:  9/9        EV: 15    Int: -1    God:    Trog [*****.]
Gold:   733        SH:  0    Dex: 20    Spells: 9/9 levels left

rFire   . . .      SeeInvis .    i - +2 quarterstaff (chaos)
rCold   . . .      Faith    .    (shield currently unavailable)
rNeg    . . .      Spirit   .    n - +6 plate armour of Zin's Brutal Revenge {*Corrode Int-5 Dex+9 Stlth+}
rPois   .          Reflect  .    (helmet restricted)
rElec   .          Harm     .    j - +0 cloak
rCorr   .          Rampage  .    (no gloves)
Will    .....      NoTele   +    (no boots) Stlth
                                 (no amulet)
HPRegen 0.46/turn                (no ring)
MPRegen 0.11/turn                (no ring)

@: berserking (expiring), slowed, lost intelligence, unable to read
A: horns 2, retaliatory headbutt
a: Renounce Religion, Berserk, Trog's Hand, Brothers in Arms


You were in the Dungeon.
You worshipped Trog.
Trog was extremely pleased with you.
You visited 1 branch You collected 1389 gold pieces.
You spent 656 gold pieces at shops.

Inventory:

Hand Weapons
 a - a +0 hand axe
 i - a +2 quarterstaff of chaos (weapon)
Armour
 j - a +0 cloak (worn)
 n - the +6 plate armour of Zin's Brutal Revenge (worn) {*Corrode Int-5 Dex+9 Stlth+}
   (You bought it in a shop in the Dungeon)

   Int:       It affects your intelligence (-5).
   Dex:       It affects your dexterity (+9).
   *Corrode:  It may corrode you when you take damage.
   Stlth:     It makes you more stealthy.
Wands
 l - a wand of paralysis (8)
Scrolls
 h - a scroll of blinking
Potions
 c - 2 potions of curing
 e - a potion of haste
 f - 2 potions of magic
 g - a potion of berserk rage
 k - a potion of might
Miscellaneous
 m - a phial of floods


   Skills:
 + Level 14.6 Fighting
 - Level 5.5(10.4) Axes
 + Level 13.6(14.0) Polearms
 + Level 14.4 Armour
 + Level 13.3 Dodging


You had 9 spell levels left.
You didn't know any spells.
Your spell library was empty.

Dungeon Overview and Level Annotations

Branches:
Dungeon (1/1)

Altars:
Cheibriados
Dithmenos
Elyvilon
Fedhas
Gozag
Hepliaklqana
Kikubaaqudgha
Makhleb
Nemelex Xobeh
Okawaru
Qazlal
Ru
Sif Muna
Trog
Uskayaw
Vehumet
Wu Jian
Xom
Yredelemnul
Zin
The Shining One
Jiyva
Lugonu

Shops:
D [


Innate Abilities, Weirdness & Mutations

You have a pair of horns on your head.
You reflexively headbutt those who attack you in melee.


Message History

The fire elemental hits you. The fire elemental burns you! Something hits you.
The fire elemental barely misses you.
You sock the fire elemental! You freeze the fire elemental.
You destroy the fire elemental!
The fire elemental disappears in a puff of smoke!
Something hits you!
You miss the fire elemental.
The fire elemental is lightly damaged.
The fire elemental barely misses you. Something hits you but does no damage.
You bludgeon the fire elemental!!
The fire elemental is severely damaged.
You hear some strange, mumbled words.
A shard of ice appears from out of thin air!
The shard of ice hits you!!
* * * LOW HITPOINT WARNING * * *
The fire elemental closely misses you. You furiously retaliate!
You headbutt the fire elemental!
You destroy the fire elemental!
The fire elemental disappears in a puff of smoke!
Something hits you.
* * * LOW HITPOINT WARNING * * *
Something hits you!
* * * LOW HITPOINT WARNING * * *
You hear some strange, mumbled words.
A shard of ice appears from out of thin air!
The shard of ice misses you.
The deep elf pyromancer points at you and mumbles some strange words.
The bolt of fire hits you!
* * * LOW HITPOINT WARNING * * *
You are too berserk!
You feel a strong urge to attack something.
You bludgeon the deep elf pyromancer!! You freeze the deep elf pyromancer.
You kill the deep elf pyromancer!
Trog accepts your kill.
Trog appreciates your killing of a magic user.
Something barely misses you.
Unknown command.
Something blocks your attack.
Your headbutt misses something. Something hits you!
You die...

▓▓▓▓▓▓▓▓▓▓
#########.#..##..########
#___#__##∩.#..##.{))#...#
#__.#._#.......)@##.#...#
#'###)##........###.#...≈≈
.......#))........#)#...##
.......#)#.##.#####.'...#
######'#.##..#..# ######
#v_#...#)########
#__#...#....#.#
#__#...##.#..#
#__#...'##)#.#


There were no monsters in sight!

Vanquished Creatures
  2 deep elf pyromancers (D)
  A shadow (D)
  3 two-headed ogres (D)
  A necrophage (D)
  A water elemental (D)
  A jelly (D)
  Crazy Yiuf (D)
  A wizard (D)
  A necromancer (D)
  A kobold demonologist (D)
  3 humans (D)
  An orc (D)
  An endoplasm (D)
  3 rats (D)
21 creatures vanquished.

Vanquished Creatures (collateral kills)
  An orc high priest (D)
  An orc knight (D)
  A deep elf pyromancer (D)
  2 deep elf zephyrmancers (D)
  2 orc warriors (D)
  4 orc priests (D)
  9 orcs (D)
20 creatures vanquished.

Grand Total: 41 creatures vanquished

Notes
Turn   | Place    | Note
-------+----------+-------------------------------------------
     0 | D        | BigDaddyOpFi the Minotaur Berserker began the quest for the
                  | Orb.
     0 | D        | Reached XP level 1. HP: 19/19 MP: 0/0
    29 | D        | Reached ** piety under Trog
    44 | D        | Noticed Crazy Yiuf
    47 | D        | Killed Crazy Yiuf
    48 | D        | Reached skill level 5 in Fighting
    48 | D        | Reached skill level 5 in Axes
    48 | D        | Reached XP level 2. HP: 29/29 MP: 1/1
    48 | D        | Reached XP level 3. HP: 36/36 MP: 2/2
   264 | D        | Noticed a water elemental
   268 | D        | Killed a water elemental
   268 | D        | Reached *** piety under Trog
   269 | D        | Reached skill level 5 in Armour
   269 | D        | Reached skill level 5 in Dodging
   269 | D        | Reached XP level 4. HP: 21/45 MP: 3/3
   419 | D        | Found a radiant altar of Vehumet.
   419 | D        | Found a shimmering blue altar of Sif Muna.
   419 | D        | Found an ancient bone altar of Kikubaaqudgha.
   419 | D        | Noticed a wizard
   421 | D        | Noticed a sun demon
   434 | D        | Killed a wizard
   435 | D        | Reached XP level 5. HP: 38/52 MP: 4/4
   583 | D        | Found a glowing silver altar of Zin.
   583 | D        | Found a glowing golden altar of the Shining One.
   583 | D        | Found a white marble altar of Elyvilon.
   584 | D        | Noticed a deep elf pyromancer
   590 | D        | Killed a deep elf pyromancer
   590 | D        | Reached **** piety under Trog
   591 | D        | Reached skill level 10 in Fighting
   591 | D        | Reached XP level 6. HP: 63/66 MP: 5/5
   591 | D        | Reached XP level 7. HP: 69/72 MP: 6/6
   675 | D        | Found a hide-covered altar of Uskayaw.
   675 | D        | Found an iron altar of Okawaru.
   675 | D        | Found a bloodstained altar of Trog.
   675 | D        | Found an ornate altar of the Wu Jian Council.
   675 | D        | Noticed a human
   676 | D        | Noticed a human
   680 | D        | Killed a human
   681 | D        | Reached skill level 10 in Armour
   682 | D        | Killed a human
   729 | D        | Noticed a shadow
   733 | D        | Killed a shadow
   735 | D        | Reached XP level 8. HP: 82/82 MP: 7/7
   772 | D        | Found a basalt altar of Yredelemnul.
   772 | D        | Found a shadowy altar of Dithmenos.
   772 | D        | Found a sacrificial altar of Ru.
   777 | D        | Reached ***** piety under Trog
   778 | D        | Reached skill level 10 in Dodging
   861 | D        | Found a blossoming altar of Fedhas.
   861 | D        | Found a stormy altar of Qazlal.
   862 | D        | Found a snail-covered altar of Cheibriados.
   862 | D        | Found a burning altar of Makhleb.
   862 | D        | Found a hazy altar of Hepliaklqana.
   862 | D        | Found a shimmering altar of Xom.
   862 | D        | Found an opulent altar of Gozag.
   862 | D        | Found a sparkling altar of Nemelex Xobeh.
   862 | D        | Found a corrupted altar of Lugonu.
   862 | D        | Found a viscous altar of Jiyva.
   886 | D        | Reached skill level 10 in Polearms
  1133 | D        | Found Ytsenui's Armour Boutique.
  1136 | D        | Noticed an orc high priest
  1136 | D        | Noticed an orc knight
  1138 | D        | Noticed a rust devil
  1138 | D        | Noticed a hellwing
  1147 | D        | Noticed an orange demon
  1148 | D        | Killed an orc knight
  1150 | D        | Received a gift from Trog
  1153 | D        | Reached XP level 9. HP: 87/92 MP: 8/8
  1154 | D        | Killed an orc high priest
  1154 | D        | Reached ****** piety under Trog
  1159 | D        | Received a gift from Trog
  1240 | D        | Bought the +6 plate armour of Zin's Brutal Revenge
                  | {*Corrode Int-5 Dex+9 Stlth+} for 656 gold pieces
  1250 | D        | Lost intelligence.
  1268 | D        | Noticed a deep elf pyromancer
  1268 | D        | Noticed a deep elf pyromancer
  1268 | D        | Noticed a deep elf knight
  1268 | D        | Noticed a deep elf zephyrmancer
  1268 | D        | Noticed a deep elf zephyrmancer
  1274 | D        | Killed a deep elf zephyrmancer
  1276 | D        | Killed a deep elf pyromancer
  1277 | D        | Killed a deep elf zephyrmancer
  1277 | D        | Received a gift from Trog
  1278 | D        | Reached XP level 10. HP: 59/104 MP: 9/9
  1290 | D        | HP: 1/156 [deep elf pyromancer/bolt of fire (13)]
  1292 | D        | Killed a deep elf pyromancer
  1293 | D        | Mangled by a deep elf knight

Illustrated notes

Levels and vault maps discovered:
D:        dungeon_sprint_mu [sprint_mu_entry_cave, sprint_mu_temple_rooms,
          sprint_mu_d1_spiders, sprint_mu_d2_genie, sprint_mu_d3_branching,
          sprint_mu_orc_legion, sprint_mu_elf_gauntlet, sprint_mu_hive_nellie,
          sprint_mu_lair_fedhas, sprint_mu_vaults_butterflies,
          sprint_mu_slime_circle, sprint_mu_swamp_cave, sprint_mu_snake_twists,
          sprint_mu_blade_basic, sprint_mu_crypt_fortress,
          sprint_mu_tomb_spiral, sprint_mu_vestibule_basic,
          sprint_mu_gehenna_hellfire, sprint_mu_dis_giant,
          sprint_mu_tartarus_statrot, sprint_mu_cocytus_islands, sprint_mu_zot1]

Skill      XL: |  1  2  3  4  5  6  7  8  9 |
---------------+----------------------------+-----
Fighting       | 5 6 7 10 11 12 14 | 14.6
Axes           | 5 |  5.5
Armour         | 4 5 6 9 10 12 14 | 14.4
Dodging        | 3 5 6 8 9 11 13 | 13.3
Polearms       | 3 4 8 9 11 13 | 13.6

Action                   |  1- 3 |  4- 6 |  7- 9 | 10-12 || total
-------------------------+-------+-------+-------+-------++-------
Melee: Hand axe          |    31 |       |       |       ||    31
       Headbutt          |     2 |       |     6 |       ||     8
       Quarterstaff      |     2 |     8 |    25 |     9 ||    44
Invok: Berserk           |     2 |     2 |     3 |     1 ||     8
       Brothers in Arms  |       |       |     2 |       ||     2
       Trog's Hand       |       |       |     1 |       ||     1
  Use: Potion            |       |       |     1 |       ||     1
Armor: Animal skin       |     3 |       |       |       ||     3
       Plate armour      |       |       |     1 |     5 ||     6
Dodge: Dodged            |     9 |     3 |    22 |     9 ||    43

Table legend: (Time is in decaauts)
 A = Elapsed time spent in this place.
 B = Non-inter-level travel time spent in this place.
 C = Inter-level travel time spent in this place.
 D = Time resting spent in this place.
 E = Time spent auto-exploring this place.
 F = Levels seen in this place.
 G = Mean time per level.
                   A        B        C        D        E       F      G
               +--------+--------+--------+--------+--------+-----+--------+
         Total |   1367 |   1367 |      0 |    967 |     24 |   1 | 1367.0 |
       Dungeon |   1367 |   1367 |      0 |    967 |     24 |   1 | 1367.0 |
               +--------+--------+--------+--------+--------+-----+--------+

Top non-repeatable levels by time:
       D: 1367 daAuts
